Unix NetHack Version 3.7.0-73 Work-in-progress - last build Feb 17 2023 02:16:44 (48fe2e8c4a70f1d2d5b622443eb9b5bc1b8d05f7,branch:master). Game began 2023-02-19 16:46:28, ended 2023-02-23 21:18:45. death501, neutral female human Valkyrie -------- |.!..... ###### |......| # |...?..-# ## # |......|### # # -------- ### # # ##################G@Y# Death501 the Skirmisher St:16 Dx:15 Co:18 In:7 Wi:8 Ch:9 Neutral Dlvl:9 $:241 HP:0(60) Pw:9(9) AC:2 Exp:5 T:3197 Latest messages: You see here 50 rocks. You descend the stairs. The paper golem hits! Bella bites the paper golem. The paper golem hits Bella. The paper golem hits! Bella bites the paper golem. Bella bites the paper golem. The paper golem misses Bella. The paper golem misses! Bella misses the paper golem. You climb up the stairs. Something is written here in the dust. You read: "Vl?? ?as c?e". The door opens. A trap door opens up under you! You fall down a deep shaft! Please move the cursor to an unknown object. (For instructions type a '?') The gnome wields a crossbow! The door opens. You hear water falling on coins. It is hit. It is hit. You find a hidden passage. It is hit. Please move the cursor to an unknown object. (For instructions type a '?') It is missed. A dart misses you. It is missed. You are hit by a dart. In what direction? The dagger hits the yeti. The yeti hits! The yeti hits! The yeti bites! The yeti hits! The yeti misses! The yeti bites! You hit the yeti! The dart hits the gnome. The yeti hits! The yeti hits! You die... Do you want your possessions identified? [ynq] (y) Do you want to see your attributes? [ynq] (y) Do you want an account of creatures vanquished? [ynaq] (y) Do you want to see your conduct and achievements? [ynq] (y) Do you want to see the dungeon overview? [ynq] (y) Inventory: Coins $ - 241 gold pieces Weapons m - 5 +3 darts g - a +0 orcish dagger a - a +1 spear (weapon in hand) e - a +0 long sword s - a blessed rusty +1 scimitar w - a +0 scimitar Armor A - an uncursed +3 orcish helm (being worn) x - a cursed corroded +0 pair of iron shoes c - an uncursed +3 small shield (being worn) y - an uncursed +0 dwarvish cloak (being worn) Scrolls v - a cursed scroll of enchant weapon l - an uncursed scroll of identify j - 2 uncursed scrolls of light Potions k - an uncursed potion of invisibility n - an uncursed potion of monster detection f - a blessed potion of paralysis Wands p - a wand of light (0:14) r - a wand of light (0:11) q - a wand of slow monster (0:6) Tools o - an uncursed magic whistle z - a +0 pick-axe Gems/Stones i - an uncursed jasper stone Death501 the Valkyrie's attributes: Background: You were a Skirmisher, a level 5 human Valkyrie. You were neutral, nominally on a mission for Odin who was opposed by Tyr (lawful) and Loki (chaotic). You were in the Dungeons of Doom, on level 9. You entered the dungeon 3197 turns ago. You had 221 experience points, 99 more were needed to attain level 6. Basics: You had 0 out of 60 hit points. You had all 9 energy points (spell power). Your armor class was 2. Your wallet contained 241 zorkmids. Autopickup was on for '$' plus thrown. Final Characteristics: Your strength was 16 (limit:18/100). Your dexterity was 15 (peak:17, limit:18). Your constitution was 18 (limit:18). Your intelligence was 7 (limit:18). Your wisdom was 8 (limit:18). Your charisma was 9 (limit:18). Final Status: You were not hungry. You were unencumbered. You were wielding a spear. You had basic skill with spear. Final Attributes: You were piously aligned. You were cold resistant. You were stealthy. You were warded. You are dead. Miscellaneous: You never encountered a bones level. Total elapsed playing time was 1 hour, 44 minutes and 59 seconds. Major events: Turn 1: death501 the neutral human Valkyrie entered the dungeon 907: attained the rank of Skirmisher (level 3) 3197: killed by a yeti Vanquished creatures: a dwarf ruler 2 bugbears a rock mole a gnomish wizard a gray ooze 2 floating eyes a kobold leader a giant bat a werejackal 2 iguanas 3 hobgoblins a giant rat a green mold a red mold a gnome 4 geckos 2 jackals 2 goblins 8 grid bugs 8 lichens a kobold zombie 4 newts 49 creatures vanquished. No species were genocided or became extinct. Voluntary challenges: You were an atheist. You read items or engraved 1 time. You never engraved Elbereth. You never genocided any monsters. You never polymorphed an object. You never changed form. You used no wishes. Achievement: You attained the rank of Skirmisher. The Dungeons of Doom: levels 1 to 9 Level 1: Level 2: A fountain. Level 3: Some fountains. Level 4: Level 5: A fountain. Level 6: A throne, a grave. Level 7: Some fountains. Level 9: <- You were here. Final resting place for you, killed by a yeti. Game over: ---------- / \ / REST \ / IN \ / PEACE \ / \ | death501 | | 241 Au | | killed by a yeti | | | | | | | | 2023 | *| * * * | * _________)/\\_//(\/(/\)/\//\/|_)_______ Farvel death501 the Valkyrie... You died in The Dungeons of Doom on dungeon level 9 with 1501 points, and 241 pieces of gold, after 3197 moves. You were level 5 with a maximum of 60 hit points when you died.